AoeStats
← 根本赢不了

Baltic

510327105Analyzed
4v4 RM · 2d ago on Sep 30, 2026· 15m 19s· 8 players
Game mode
Random Map
Map size
Large (8 player)
Population
200
Speed
Normal
Resources
Standard
Victory
Conquest
Starting age
Dark Age
Ending age
Imperial Age
RankedLock teamsTeams togetherTeam positionsShared explorationLock speedFull tech treeHidden civsTurbo modeCheats
Victory
Defeat
🇨🇳 Varangians · China
1119
+32
🇨🇦 Britons · Canada
1118
+13
🇩🇰 Saxons · Denmark
1110
+13
🇺🇸 Celts · United States
1081
+14
🇹🇼 Portuguese · Taiwan
1092
-16
1066
-14
🇹🇼 Magyars · Taiwan
1042
-13
🇹🇼 Teutons · Taiwan
968
-10
denny0002000
Be optimistic for the new day
10:42 Feudal Age
15:05 Castle Age
tyshuff
y852963741
根本赢不了
13:32 Feudal Age
14:42 Double-Bit Axe
14:41 Horse Collar
17:23 Castle Age
Philippe6390
0:26 Loom
dir singlerebs
3:10 Loom
14:51 Feudal Age
'HelloWorld'
3:24 Loom
11:42 Feudal Age
14:17 Man-at-Arms
Connection lost

Rejoining the realm…

Still unreachable

The connection could not be restored.

Session expired

The server has moved on; the page needs a fresh start.